 Dungeon Crawl Stone Soup version 0.31-a0-1469-gd420192249 (webtiles) character file.

Game seed: 8973282365272961383

10 Elsrick the Poker (level 2, 0/29 HPs)
             Began as an Oni Gladiator on Dec 29, 2023.
             Slain by a jackal (1 damage)
             ... on level 1 of the Dungeon.
             The game lasted 00:00:59 (140 turns).

Elsrick the Poker (Oni Gladiator)                    Turns: 140, Time: 00:01:00

Health: 0/29       AC:  3    Str: 17    XL:     2   Next: 20%
Magic:  2/2        EV: 10    Int:  9    God:
Gold:   0          SH:  0    Dex: 10    Spells: 1/1 levels left

rFire   . . .        a - +0 trident
rCold   . . .        (no shield)
rNeg    . . .        b - +0 robe
rPois   .            c - +0 hat
rElec   .            (no cloak)
rCorr   .            (gloves unavailable)
SInv    .            (boots unavailable)
Will    .....        (no amulet)
Stlth   +            (no ring)
HPRegen 0.24/turn    (no ring)
MPRegen 0.08/turn

%: no passive effects
@: no status effects
A: large, unfitting armour, horns 1, tough skin 1, double potion healing,
drunken brawling
a: no special abilities


You were on level 1 of the Dungeon.
You visited 1 branch of the dungeon, and saw 1 of its levels.

Inventory:

Hand Weapons
 a - a +0 trident (weapon)
Missiles
 d - 3 throwing nets (quivered)
 e - a large rock
 f - 3 curare-tipped darts
Armour
 b - a +0 robe (worn)
 c - a +0 hat (worn)
Scrolls
 g - a scroll of immolation {unknown}


   Skills:
 + Level 2.8 Fighting
 + Level 3.3 Polearms
 + Level 2.0 Throwing
 + Level 2.9 Dodging


You had one spell level left.
You didn't know any spells.
Your spell library was empty.

Dungeon Overview and Level Annotations

Branches:
Dungeon (1/15)

Altars:


Innate Abilities, Weirdness & Mutations

You are too large for most types of armour.
You have a pair of small horns on your head.
You have tough skin. (AC +1)
You gain doubled healing and magic from potions.
Whenever you drink a healing potion, you attack all around you.


Message History

The jackal bites you but does no damage.
You closely miss the jackal. The bat hits you but does no damage.
The jackal closely misses you. The jackal bites you.
The jackal closely misses you. The jackal barely misses you.
The jackal bites you but does no damage.
You hit the jackal.
The jackal is moderately wounded.
The jackal bites you but does no damage.
The bat hits you. The jackal barely misses you. x2
The jackal closely misses you.
You puncture the jackal!
You kill the jackal!
The bat hits you.
The jackal bites you but does no damage.
The jackal barely misses you. x2; The jackal closely misses you.
You barely miss the jackal. Your headbutt misses the jackal.
The jackal barely misses you. The bat barely misses you.
The jackal barely misses you. The jackal bites you.
* * * LOW HITPOINT WARNING * * *
You hit the jackal but do no damage.
You headbutt the jackal, but do no damage.
The bat hits you but does no damage. The jackal bites you.
* * * LOW HITPOINT WARNING * * *
The bat hits you but does no damage. The jackal barely misses you.
The jackal bites you but does no damage.
You barely miss the jackal. The bat hits you but does no damage.
The jackal bites you.
* * * LOW HITPOINT WARNING * * *
The jackal barely misses you.
The jackal bites you but does no damage. x2
You closely miss the jackal. The bat closely misses you. The jackal bites you.
* * * LOW HITPOINT WARNING * * *
The jackal bites you but does no damage.
You aren't carrying any potions.
You hit the jackal.
The jackal is moderately wounded.
The bat hits you but does no damage. The jackal bites you.
* * * LOW HITPOINT WARNING * * *
The jackal bites you.
You die...

#.# #.#....).....# #.#
#.##........##
#.###.#..........#
#.....#..........#
#.....#.........^# #
#.....#....†.....#####..
#.....#.........b#.....#
#................h......
#.......#>......@h......
#.###...###########.....
#.##.....##∩.###∩∩# ...
#.#∩...÷.........## .
#.#∩.............#
####.............#
#.......#.....##
#..##.∩∩#.....∩#
#..##..∩.......#


You could see 2 jackals and a bat.

Vanquished Creatures
  2 goblins (D:1)
  A hobgoblin (D:1)
  4 jackals (D:1)
  A frilled lizard (D:1)
8 creatures vanquished.

Notes
Turn   | Place    | Note
-------+----------+-------------------------------------------
     0 | D:1      | Elsrick the Oni Gladiator began the quest for the Orb.
     0 | D:1      | Reached XP level 1. HP: 22/22 MP: 1/1
   130 | D:1      | Reached XP level 2. HP: 17/29 MP: 2/2
   140 | D:1      | HP: 1/29 [jackal (2)]
   140 | D:1      | Slain by a jackal

Illustrated notes

Levels and vault maps discovered:
D:1:      amcnicky_arrival_abandoned_market, layout_rooms, minmay_tall_x

Action                     || total
---------------------------++-------
  Melee: Trident           ||    31
         Headbutt          ||     2
         Punch             ||     1
 Armour: Robe              ||    59
  Dodge: Dodged            ||    59

Table legend: (Time is in decaauts)
 A = Elapsed time spent in this place.
 B = Non-inter-level travel time spent in this place.
 C = Inter-level travel time spent in this place.
 D = Time resting spent in this place.
 E = Time spent auto-exploring this place.
 F = Levels seen in this place.
 G = Mean time per level.
                   A        B        C        D        E       F      G
               +--------+--------+--------+--------+--------+-----+--------+
         Total |    144 |    144 |      0 |      0 |     56 |   1 |  144.0 |
       Dungeon |    144 |    144 |      0 |      0 |     56 |   1 |  144.0 |
               +--------+--------+--------+--------+--------+-----+--------+

Top non-repeatable levels by time:
     D:1: 144 daAuts
